 Dungeon Crawl Stone Soup version 0.28-a0-390-gb254ac4902 (webtiles) character file.

Game seed: 14089872594765094442

3016 serber55 the Slicer (level 9, -6/75 HPs)
             Began as an Octopode Brigand on Sept 3, 2021.
             Was a Follower of Dithmenos.
             Splashed by a jelly's acid (8 damage)
             ... on level 7 of the Dungeon.
             The game lasted 00:30:19 (8686 turns).

serber55 the Slicer (Octopode Brigand)              Turns: 8686, Time: 00:30:21

Health: -6/75      AC:  8    Str: 10    XL:     9   Next: 85%
Magic:  18/18      EV:  2    Int: 13    God:    Dithmenos [*.....]
Gold:   551        SH:  5    Dex: 17    Spells: 6/8 levels left

rFire   . . .      SeeInvis .   a - +2 dagger
rCold   . . .      Faith    .   (no shield)
rNeg    + + +      Spirit   .   (helmet currently unavailable)
rPois   +          Reflect  +   p - amulet of reflection
rElec   .          Harm     .   s - ring of magical power
rCorr   .          Rampage  .   (no ring)
Will    .....      NoTele   +   (no ring)
Stlth   ++++......              (no ring)
HPRegen 0.22/turn               (no ring)
MPRegen 0.16/turn               (no ring)
                                (no ring)
                                (no ring)

@: tree-form, corroded, wreathed by umbra
A: stationary, stasis, torment immunity, boosted hp, almost no armour,
(amphibious), 8 rings, (camouflage 1), (gelatinous body 1), (nimble swimmer 1),
(tentacles), frail 2, (shaggy fur 1)
a: Renounce Religion


You were on level 7 of the Dungeon.
You worshipped Dithmenos.
Dithmenos was aware of your devotion.
You were a tree.
You visited 2 branches of the dungeon, and saw 8 of its levels.

You collected 551 gold pieces.

Inventory:

Hand Weapons
 a - a +2 dagger (weapon)
Missiles
 b - 9 poisoned darts (quivered)
 c - a curare-tipped dart
 l - 2 javelins
Armour
 d - a +0 buckler
Jewellery
 h - an amulet of the acrobat
 p - an amulet of reflection (around neck)
 s - a ring of magical power (left branch)
Wands
 f - a wand of flame (3)
Scrolls
 e - 6 scrolls of teleportation
 m - a scroll of enchant armour
 q - a scroll of amnesia
Potions
 i - a potion of might
 j - a potion of magic
 n - a potion of ambrosia {unknown}
 o - a potion of invisibility {unknown}
 r - a potion of haste
 t - a potion of flight {unknown}


   Skills:
 + Level 6.4 Fighting
 + Level 8.9 Short Blades
 - Level 2.0 Throwing
 - Level 5.9 Dodging
 - Level 8.0 Stealth
 * Level 2.1 Hexes
 * Level 2.1 Ice Magic


You had 6 spell levels left.
You knew the following spells:

 Your Spells              Type           Power      Damage    Failure   Level
a - Ensorcelled Hibernat  Hex/Ice        10%        N/A       21%         2

Your spell library contained the following spells:

 Spells                   Type           Power      Damage    Failure   Level
 Corona                   Hex            5%         N/A       13%         1
 Tukima's Dance           Hex            5%         N/A       36%         3


Dungeon Overview and Level Annotations

Branches:
Dungeon (7/15)             Temple (1/1) D:6

Altars:
Ashenzari
Cheibriados
Dithmenos
Elyvilon
Fedhas
Gozag
Hepliaklqana
Kikubaaqudgha
Nemelex Xobeh
Qazlal
Ru
Uskayaw
Vehumet
Wu Jian
Xom
Yredelemnul
Zin
The Shining One

Shops:
D:4 [

Annotations:
D:6 1 runed translucent door, CraigForest's ghost, amateur DDFi


Innate Abilities, Weirdness & Mutations

You are a tree.
Your roots penetrate the ground, keeping you stationary.
You cannot be teleported.
You are immune to unholy pain and torment.
Your maximum health is greatly increased.
You cannot wear most types of armour.
((You are amphibious.))
You can wear up to eight rings at the same time.
((Your skin changes colour to match your surroundings (Stealth+).))
((Your rubbery body absorbs attacks. (AC +1, EV +1)))
((You are camouflaged near water. (Stealth+)))
((You have tentacles for arms and can constrict up to eight enemies at once.))
You are very frail. (-20% HP)
((You are covered in fur. (AC +1)))


Message History

The jelly is lightly wounded.
You hit the jelly.
Your tentacles burn!
You squeeze the jelly.
The jelly is moderately wounded.
You block the jelly's attack.
You hit the jelly.
Your tentacles burn!
The jelly is moderately wounded.
You hit the jelly. The acid corrodes you!
Your tentacles burn!
You squeeze the jelly!
The jelly is heavily wounded.
The jelly completely misses you.
You hit the jelly but do no damage. The acid corrodes you!
Your tentacles burn!
The jelly is heavily wounded.
You hit the jelly. The acid corrodes you!
Your tentacles burn!
The jelly is severely wounded.
The jelly hits you. The acid corrodes you!
You are splashed with acid!
You hit the jelly.
Your tentacles burn!
* * * LOW HITPOINT WARNING * * *
The jelly is severely wounded.
The jelly misses you.
You hit the jelly but do no damage.
Your tentacles burn!
* * * LOW HITPOINT WARNING * * *
The jelly is severely wounded.
You hit the jelly but do no damage.
Your tentacles burn!
* * * LOW HITPOINT WARNING * * *
You squeeze the jelly, but do no damage.
The jelly is severely wounded.
You block the jelly's attack.
Really quaff the potion of lignification?
You turn into a tree.
Your roots penetrate the ground.
The jelly hits you but does no damage.
You hit the jelly but do no damage.
Your branches burn!
* * * LOW HITPOINT WARNING * * *
The jelly is severely wounded.
You hit the jelly but do no damage.
Your branches burn!
* * * LOW HITPOINT WARNING * * *
The jelly is severely wounded.
The jelly hits you.
* * * LOW HITPOINT WARNING * * *
You are splashed with acid!
You die...

##########
#####........#
#.J♣.§.......#
#.≈§§§≈≈§≈≈§.#
#.≈§......≈§.#
#..≈§#####.≈..#######
....≈§#.:...§.........
####.§§#._.#.≈..##.....
#.§.....#.≈.........
#.≈.#####.≈...).....
....§..^......


You could see a jelly.

Vanquished Creatures
  Pikel (D:5)
  Sigmund (D:5)
  A water moccasin (D:6)
  A sky beast (D:5)
  An orc warrior (D:7)
  A black bear (D:4)
  An ice beast (D:5)
  3 ogres
  A necrophage (D:5)
  A centaur (D:7)
  2 lemures
  A phantom (D:5)
  2 bullfrogs (D:6)
  7 scorpions
  A wyvern skeleton (D:7)
  A water moccasin skeleton (D:6)
  A bullfrog zombie (D:5)
  A centaur zombie (D:6)
  4 hounds (D:5)
  An orc priest (D:6)
  Crazy Yiuf (D:4)
  A centaur skeleton (D:7)
  A gnoll shaman (D:4)
  4 iguanas (D:5)
  Natasha (thrice) (D:4)
  3 bullfrog skeletons
  An orc wizard (D:7)
  A killer bee zombie (D:3)
  2 howler monkey skeletons
  4 gnolls
  6 adders
  A shadow imp (D:7)
  3 white imps
  A dart slug (D:5)
  2 worms (D:5)
  16 orcs
  5 endoplasms
  3 giant cockroaches
  9 goblins
  2 hobgoblins
  4 jackals (D:5)
  2 quokkas
  7 ball pythons
  5 bats
  2 frilled lizards (D:1)
  A kobold (D:2)
  3 rats
126 creatures vanquished.

Notes
Turn   | Place    | Note
-------+----------+-------------------------------------------
     0 | D:1      | serber55 the Octopode Brigand began the quest for the Orb.
     0 | D:1      | Reached XP level 1. HP: 14/14 MP: 1/1
    75 | D:1      | Reached XP level 2. HP: 4/19 MP: 2/2
   927 | D:1      | Found a faded altar of an unknown god.
  1485 | D:2      | Reached XP level 3. HP: 25/25 MP: 3/3
  2151 | D:3      | Reached XP level 4. HP: 26/30 MP: 4/4
  2212 | D:3      | Found an opulent altar of Gozag.
  2685 | D:4      | Found a runed translucent door.
  2686 | D:4      | Noticed Crazy Yiuf
  2733 | D:4      | Noticed Natasha
  2755 | D:4      | You fall into a shaft and drop 3 floors!
  2755 | D:7      | Noticed an orc warrior
  2755 | D:7      | Noticed a black bear
  2759 | D:7      | Found a hide-covered altar of Uskayaw.
  2780 | D:7      | Noticed a centaur
  2813 | D:5      | Entered Level 5 of the Dungeon
  2890 | D:4      | Killed Natasha
  2891 | D:4      | Reached XP level 5. HP: 30/36 MP: 5/5
  3183 | D:4      | Noticed Natasha
  3200 | D:4      | Noticed a black bear
  3204 | D:4      | Gained mutation: You are frail. (-10% HP) [potion of
                  | mutation]
  3204 | D:4      | Gained mutation: Your spells are a little harder to cast,
                  | but a little more powerful. [potion of mutation]
  3204 | D:4      | Lost mutation: Your spells are a little harder to cast, but
                  | a little more powerful. [potion of mutation]
  3207 | D:4      | Killed Natasha
  3210 | D:4      | Killed a black bear
  3211 | D:4      | Reached XP level 6. HP: 37/37 MP: 6/6
  3297 | D:4      | Noticed Natasha
  3306 | D:4      | Killed Natasha
  3307 | D:4      | Reached skill level 5 in Short Blades
  3451 | D:4      | Found Ummyn's Armour Boutique.
  3653 | D:4      | Killed Crazy Yiuf
  3749 | D:5      | Reached XP level 7. HP: 15/42 MP: 7/7
  4795 | D:5      | Reached XP level 8. HP: 23/48 MP: 8/8
  5115 | D:5      | Reached skill level 5 in Fighting
  5481 | D:5      | Noticed Pikel
  5756 | D:5      | Killed Pikel
  5757 | D:5      | Reached skill level 5 in Dodging
  5757 | D:5      | Reached XP level 9. HP: 28/54 MP: 9/9
  5848 | D:5      | Noticed Sigmund
  5857 | D:5      | Killed Sigmund
  6037 | D:5      | Found a sparkling altar of Nemelex Xobeh.
  6152 | D:6      | Found a snail-covered altar of Cheibriados.
  6174 | D:6      | Found a runed translucent door.
  7217 | D:6      | Found a staircase to the Ecumenical Temple.
  7226 | Temple   | Entered the Ecumenical Temple
  7277 | Temple   | Became a worshipper of Dithmenos the Shadowed
  7362 | D:6      | Gained mutation: You are very frail. (-20% HP) [potion of
                  | mutation]
  7362 | D:6      | Gained mutation: You are covered in fur. (AC +1) [potion of
                  | mutation]
  7515 | D:6      | Noticed CraigForest's ghost (amateur DDFi)
  7528 | D:6      | Learned a level 2 spell: Ensorcelled Hibernation
  8036 | D:7      | Reached skill level 1 in Hexes
  8036 | D:7      | Reached skill level 1 in Ice Magic
  8412 | D:7      | Reached * piety under Dithmenos
  8661 | D:7      | Found a blossoming altar of Fedhas.
  8686 | D:7      | HP: 2/75 [jelly (2)]
  8686 | D:7      | Splashed by a jelly's acid

Illustrated notes

Levels and vault maps discovered:
D:1:      dpeg_arrival_signposts, layout_basic,
          hellmonk_ecumenical_altar_leap_of_faith, minmay_tiny_reverse_x
D:2:      layout_basic
D:3:      layout_rooms, grunt_gozag_statues, corexii_shack, roderic_filled_cross
D:4:      layout_rooms, serial_shops, shop, chequers_arboretum,
          interstate_on_off, serial_park_tiny_1, uniq_natasha,
          uniq_crazy_yiuf_cottage
D:5:      minmay_polygon_palace, layout_cave_pools,
          mainiacjoe_overflow_24_doors, chequers_serial_rivers_micro_e,
          grunt_decor_arrowhead, uniq_pikel, uniq_sigmund
D:6:      layout_cave_pools, cheibriados_altar_1,
          minmay_temple_entry_statues_fountains, ebering_ghost_sewer_d,
          hangedman_decor_push
D:7:      layout_basic, amcnicky_altar_gilded, mainiacjoe_overflow_brackets,
          mainiacjoe_overflow_concentric_impassable, kennysheep_minor_cross
Temple:   nicolae_temple_god_jail

Skill      XL: |  1  2  3  4  5  6  7  8  9 |
---------------+----------------------------+-----
Short Blades   | 3 4 5 6 7 8 |  8.9
Dodging        | 2 3 4 5 |  5.9
Fighting       | 3 4 5 6 |  6.4
Stealth        | 7 8 |  8.0
Hexes          | 2 |  2.1
Ice Magic      | 2 |  2.1
Throwing       | |  2.0

Action                   |  1- 3 |  4- 6 |  7- 9 || total
-------------------------+-------+-------+-------++-------
Melee: Dagger            |    43 |    73 |   320 ||   436
       Constrict         |     9 |    10 |    46 ||    65
       Tentacles         |     7 |     7 |    79 ||    93
Throw: Dart              |       |     6 |    33 ||    39
       Javelin           |       |       |     2 ||     2
Evoke: Wand              |       |     9 |    12 ||    21
  Use: Scroll            |       |     6 |     2 ||     8
       Potion            |       |     5 |     5 ||    10
 Stab: Sleeping          |    14 |     6 |    11 ||    31
       Distracted        |       |       |     1 ||     1
Armor: Skin              |       |    23 |    19 ||    42
Dodge: Dodged            |    19 |    33 |   108 ||   160
Block: Other             |       |       |    17 ||    17
       Reflection        |       |       |     2 ||     2

Table legend: (Time is in decaauts)
 A = Elapsed time spent in this place.
 B = Non-inter-level travel time spent in this place.
 C = Inter-level travel time spent in this place.
 D = Time resting spent in this place.
 E = Time spent auto-exploring this place.
 F = Levels seen in this place.
 G = Mean time per level.
                   A        B        C        D        E       F      G
               +--------+--------+--------+--------+--------+-----+--------+
         Total |   8545 |   8266 |    279 |   2585 |   4383 |   8 | 1068.1 |
       Dungeon |   8476 |   8213 |    263 |   2585 |   4353 |   7 | 1210.9 |
        Temple |     68 |     52 |     16 |      0 |     30 |   1 |   68.0 |
               +--------+--------+--------+--------+--------+-----+--------+

Top non-repeatable levels by time:
     D:5: 2605 daAuts
     D:4: 1429 daAuts
     D:1: 1411 daAuts
     D:6: 1156 daAuts
     D:7: 727 daAuts
     D:2: 599 daAuts
     D:3: 546 daAuts
  Temple: 68 daAuts
